AoeStats
← CazadorGT

Arabia

505732786Analyzed
2v2 RM · 23d ago on Sep 10, 2026· 91m 13s· 4 players
Game mode
Random Map
Map size
Medium (4 player)
Population
200
Speed
Normal
Resources
Standard
Victory
Conquest
Starting age
Dark Age
Ending age
Imperial Age
RankedLock teamsTeams togetherTeam positionsShared explorationLock speedFull tech treeHidden civsTurbo modeCheats
Victory
Defeat
🇦🇷 Mongols · Argentina
982
+18
🇪🇸 Vikings · Spain
943
+20
🇬🇹 Britons · Guatemala
1081
-21
🇮🇹 Tatars · Italy
972
-17
Pancito
7:03 Loom
9:45 Feudal Age
10:42 Double-Bit Axe
16:56 Horse Collar
19:38 Gold Mining
20:32 Wheelbarrow
24:09 Castle Age
22:42 Forging
22:38 Scale Barding Armor
23:42 Bloodlines
25:19 Husbandry
26:44 Iron Casting
40:33 Imperial Age
41:40 Heavy Camel Rider
44:15 Hand Cart
43:45 Town Watch
46:39 Light Cavalry
47:01 Elite Mangudai
49:39 Hussar
52:28 Onager
53:55 Siege Onager
57:29 Drill
71:15 Heavy Scorpion
75:35 Fletching
75:45 Padded Archer Armor
80:01 Chemistry
79:21 Ballistics
ROKET_RS7
2:05 Loom
11:01 Feudal Age
16:32 Double-Bit Axe
24:24 Castle Age
27:37 Gold Mining
33:44 Fortified Wall
35:36 Gold Shaft Mining
35:36 Ballistics
35:34 Fletching
40:38 Imperial Age
43:44 Chemistry
45:31 Bow Saw
49:54 Two-Man Saw
48:58 Stone Mining
49:19 Elite Skirmisher
56:38 Light Cavalry
59:06 Padded Archer Armor
59:01 Bodkin Arrow
62:57 Leather Archer Armor
62:42 Bracer
63:10 Crossbowman
64:21 Forging
65:20 Treadmill Crane
67:34 Capped Ram
68:45 Arbalester
68:46 Siege Ram
70:21 Coinage
85:39 Siege Engineers
87:24 Conscription
86:41 Cavalier
CazadorGT
10:10 Feudal Age
10:21 Man-at-Arms
15:28 Arson
16:17 Horse Collar
16:27 Loom
17:22 Fletching
24:16 Castle Age
22:04 Loom
24:19 Castle Age
23:04 Stone Mining
23:19 Double-Bit Axe
25:27 Bodkin Arrow
31:33 Heavy Plow
33:29 Town Watch
38:36 Imperial Age
37:29 Gold Mining
38:08 Padded Archer Armor
39:09 Leather Archer Armor
41:39 Bow Saw
42:28 Bracer
43:42 Ring Archer Armor
45:24 Chemistry
49:08 Forging
52:54 Elite Longbowman
55:46 Ballistics
58:07 Wheelbarrow
63:26 Two-Man Saw
64:30 Hand Cart
64:15 Town Patrol
67:25 Yeomen
67:29 Conscription
67:21 Town Patrol
69:00 Masonry
68:41 Heated Shot
68:56 Siege Engineers
68:47 Murder Holes
73:00 Iron Casting
72:58 Architecture
72:08 Treadmill Crane
73:27 Gold Shaft Mining
73:38 Scale Barding Armor
73:19 Light Cavalry
74:01 Husbandry
74:56 Chain Barding Armor
78:10 Blast Furnace
77:45 Plate Barding Armor
verbumdei76
0:37 Loom
11:09 Feudal Age
21:24 Castle Age
21:54 Bloodlines
31:10 Fletching
33:49 Town Watch
37:05 Forging
48:16 Scale Barding Armor
59:55 Fervor
63:37 Iron Casting
74:15 Horse Collar
79:49 Husbandry
83:54 Light Cavalry
Connection lost

Rejoining the realm…

Still unreachable

The connection could not be restored.

Session expired

The server has moved on; the page needs a fresh start.